AoeStats
← DK

Arabian Desert

509906308Analyzed
1v1 RM · 4d ago on Sep 28, 2026· 60m 28s· 2 players
Game mode
Random Map
Map size
Tiny (2 player)
Population
200
Speed
Normal
Resources
Standard
Victory
Conquest
Starting age
Dark Age
Ending age
Imperial Age
RankedLock teamsTeams togetherTeam positionsShared explorationLock speedFull tech treeHidden civsTurbo modeCheats
Victory
Defeat
🇨🇦 Khitans · Canada
1499
+17
🇺🇸 Teutons · United States
1524
-17
DK
6:22 Loom
8:56 Feudal Age
9:34 Double-Bit Axe
11:25 Domestication
18:47 Fletching
20:59 Forging
21:16 Scale Barding Armor
26:14 Castle Age
24:42 Gold Mining
28:00 Chain Barding Armor
29:18 Husbandry
30:51 Iron Casting
35:27 Town Watch
41:49 Wheelbarrow
41:43 Bodkin Arrow
41:49 Padded Archer Armor
45:01 Imperial Age
43:24 Ballistics
42:45 Heavy Cavalry Archer
43:39 Bow Saw
44:29 Thumb Ring
46:24 Bracer
47:29 Chemistry
48:39 Light Cavalry
49:38 Hand Cart
49:46 Hussar
50:45 Leather Archer Armor
52:06 Conscription
52:42 Plate Barding Armor
53:37 Ordo Cavalry
60:50 Parthian Tactics
E_BrightBlade
7:50 Loom
10:20 Feudal Age
10:21 Man-at-Arms
12:57 Forging
13:22 Scale Mail Armor
17:27 Scale Barding Armor
18:36 Bloodlines
19:41 Wheelbarrow
23:38 Castle Age
21:31 Double-Bit Axe
24:38 Bow Saw
25:07 Hand Cart
26:10 Gold Mining
28:56 Iron Casting
29:36 Long Swordsman
29:38 Pikeman
31:22 Chain Mail Armor
31:35 Chain Barding Armor
35:31 Stone Mining
35:31 Town Watch
37:37 Fletching
38:46 Squires
39:04 Chain Mail Armor
38:45 Bodkin Arrow
39:32 Stone Shaft Mining
43:36 Imperial Age
41:54 Town Patrol
43:41 Halberdier
44:04 Cavalier
48:03 Blast Furnace
49:11 Elite Skirmisher
51:21 Two-Man Saw
51:48 Conscription
52:20 Padded Archer Armor
53:44 Leather Archer Armor
Connection lost

Rejoining the realm…

Still unreachable

The connection could not be restored.

Session expired

The server has moved on; the page needs a fresh start.